 Dungeon Crawl Stone Soup version 0.19.5 (webtiles) character file.

1577 JeffiDaFish the Cudgeler (level 8, -6/49 HPs)
             Began as a Gargoyle Fighter on Mar 14, 2017.
             Shot with a bolt by an orc warrior (22 damage)
             ... in a bailey.
             The game lasted 00:18:11 (5213 turns).

JeffiDaFish the Cudgeler (Gargoyle Fighter)         Turns: 5213, Time: 00:18:11

Health: -6/49      AC: 17    Str: 21    XL:     8   Next: 91%
Magic:  8/8        EV:  5    Int:  8    God:
Gold:   311        SH: 10    Dex: 11    Spells: 0 memorised, 7 levels left

rFire  + . .     SeeInvis .     m - +1 morningstar
rCold  . . .     Gourm    .     e - +0 plate armour
rNeg   + . .     Faith    .     c - +0 shield
rPois  ∞         Spirit   .     (helmet restricted)
rElec  +         Reflect  .     (no cloak)
rCorr  .         Harm     .     (no gloves)
MR     .....     Rnd*Rage +     (no boots)
Stlth  ..........               (no amulet)
                                (no ring)
                                (no ring)

@: no status effects
A: horns 1, berserk 1, fire resistance 1, negative energy resistance 1,
electricity resistance, unbreathing, petrification resistance, rot immunity, AC
+5
a: no special abilities


You were in a bailey.
You were hungry.

You visited 1 branch of the dungeon, and saw 7 of its levels.
You also visited: Bailey.

You collected 311 gold pieces.

Inventory:

Hand Weapons
 m - a +1 morningstar (weapon)
Armour
 c - a +0 shield (worn)
 e - a +0 plate armour (worn)
Scrolls
 d - a scroll of remove curse
 h - 5 scrolls of identify
 k - a scroll of amnesia
 n - 2 scrolls of teleportation
 o - 2 scrolls of recharging
 p - a scroll of fog
 q - 2 scrolls of blinking
Potions
 a - 2 potions of curing
Books
 r - a book of Necromancy

   Spells                             Type                      Level
   a - Pain                           Necromancy                   1
   b - Animate Skeleton               Necromancy                   1
   c - Vampiric Draining              Necromancy                   3
   d - Regeneration                   Charms/Necromancy            3
   e - Animate Dead                   Necromancy                   4
   f - Control Undead                 Necromancy                   4
Comestibles
 b - 3 meat rations
 f - 3 bread rations
 g - 7 chunks of flesh
 i - 3 fruits
 j - a beef jerky


   Skills:
 + Level 5.2 Fighting
 + Level 7.3 Maces & Flails
 + Level 5.6 Armour
 + Level 0.4 Dodging
 + Level 1.2 Stealth
 + Level 7.1 Shields


You had 7 spell levels left.
You didn't know any spells.

Dungeon Overview and Level Annotations

Branches:
Dungeon (7/15)             Temple (0/1) D:7

Altars:
Ashenzari
Gozag
Nemelex Xobeh
Qazlal
Zin

Shops:
D:7 ([:(


Innate Abilities, Weirdness & Mutations

You are resistant to torment.
Your stone body is resilient. (AC +5)
You are immune to poison.
You resist negative energy. (rN+)
You are resistant to electric shocks. (rElec)
You can survive without breathing.
You are immune to petrification.
You are immune to rotting.
You have a pair of small horns on your head.
You tend to lose your temper in combat.
Your flesh is heat resistant. (rF+)


Message History

An orc warrior comes into view. It is wielding an arbalest.
The orc warrior shouts!
The orc warrior shoots a bolt.
The bolt hits you but does no damage.
Found a scroll labeled SACIS POUCKICH.
There is an open door here.
You block the orc's attack.
The orc warrior shoots a bolt.
You block the bolt.
The orc warrior shoots a bolt.
The bolt hits you!
* * * LOW HITPOINT WARNING * * *
You see here 2 bolts.
You are too injured to fight recklessly!
You are too injured to fight recklessly!
You are too injured to fight recklessly!
You don't know any spells.
There isn't anything to butcher here.
You close the door.
You block the orc's attack.
The orc warrior shoots a bolt.
The bolt hits you.
* * * LOW HITPOINT WARNING * * *
You feel better. The orc hits you but does no damage.
The orc warrior shoots a bolt.
The bolt hits you!!
You die...

## ###
##.###########∩## ##
#)o.##.....##.∩.##..
#$..#..≈≈≈..#...#..≈
#$..#.≈≈o≈≈...(...≈≈
#..@+.≈ooo≈...(...≈o
#?o.#(≈≈o≈≈.((....≈≈
#..o#..≈≈≈.(#..(#..≈
#...##((.((##...##..
##.###########∩## ##
## ###


You could see 2 orc warriors and an orc.

Vanquished Creatures
  A sky beast (D:5)
  An orc warrior (D:7)
  A phantom (D:4)
  A big kobold (D:7)
  The ghost of Peep the Magician, an amateur DEWz (D:3)
  2 scorpions (D:6)
  4 wights (D:6)
  A howler monkey (D:6)
  2 crimson imps
  A jelly (D:7)
  2 hounds
  3 orc priests
  7 orc wizards
  An iguana (D:5)
  4 worker ants
  2 gnolls (D:7)
  15 adders
  A shadow imp (D:6)
  An ooze (D:4)
  2 worms
  2 dart slugs
  2 leopard geckos (D:3)
  18 orcs
  9 giant cockroaches
  7 goblins
  4 hobgoblins
  4 jackals (D:6)
  11 kobolds
  2 quokkas
  A ball python (D:2)
  11 bats
  6 frilled lizards
  3 quokka skeletons
  A quokka zombie (D:5)
  5 rats
139 creatures vanquished.

Notes
Turn   | Place    | Note
-------+----------+-------------------------------------------
     0 | D:1      | JeffiDaFish the Gargoyle Fighter began the quest for the Orb.
     0 | D:1      | Reached XP level 1. HP: 14/14 MP: 1/1
   291 | D:1      | Reached XP level 2. HP: 19/19 MP: 2/2
   869 | D:2      | Found a stormy altar of Qazlal.
   997 | D:2      | Reached XP level 3. HP: 17/23 MP: 3/3
  1243 | D:2      | Reached XP level 4. HP: 16/28 MP: 4/4
  1981 | D:3      | Noticed Peep's ghost (amateur DEWz)
  2001 | D:3      | Killed Peep's ghost
  2001 | D:3      | Reached XP level 5. HP: 29/33 MP: 5/5
  2400 | D:4      | Reached XP level 6. HP: 25/38 MP: 6/6
  2580 | D:4      | Reached skill level 5 in Shields
  2750 | D:4      | Noticed a phantom
  2779 | D:4      | Killed a phantom
  3005 | D:4      | Reached XP level 7. HP: 38/43 MP: 7/7
  3130 | D:4      | Reached skill level 5 in Maces & Flails
  3289 | D:5      | Entered Level 5 of the Dungeon
  4098 | D:6      | Reached XP level 8. HP: 48/48 MP: 8/8
  4140 | D:6      | Found an opulent altar of Gozag.
  4263 | D:6      | Reached skill level 5 in Armour
  4305 | D:6      | Gained mutation: You have a pair of small horns on your head. [potion of mutation]
  4305 | D:6      | Gained mutation: Your flesh is heat resistant. (rF+) [potion of mutation]
  4305 | D:6      | Gained mutation: You tend to lose your temper in combat. [potion of mutation]
  4357 | D:6      | Reached skill level 5 in Fighting
  4803 | D:7      | Found Maneun's Weapon Boutique.
  4962 | D:7      | Found Xosops's Antique Armour Boutique.
  4985 | D:7      | Found a sparkling altar of Nemelex Xobeh.
  4988 | D:7      | Found a glowing silver altar of Zin.
  4988 | D:7      | Found a shattered altar of Ashenzari.
  5034 | D:7      | Found Xomiagaf's Antique Weapon Shop.
  5049 | D:7      | Reached skill level 1 in Stealth
  5071 | D:7      | Found Keczivio's Book Shop.
  5164 | D:7      | Found a flagged portal.
  5193 | Bailey   | Entered a bailey
  5193 | Bailey   | Noticed an orc knight
  5213 | Bailey   | Shot with a bolt by an orc warrior

Skill      XL: |  1  2  3  4  5  6  7  8 |
---------------+-------------------------+-----
Maces & Flails | 3 4 5 7 |  7.3
Armour         | 4 5 |  5.6
Shields        | 4 5 6 7 |  7.1
Fighting       | 4 5 |  5.2
Stealth        | 1 |  1.2
Dodging        | |  0.4

Action                   |  1- 3 |  4- 6 |  7- 9 || total
-------------------------+-------+-------+-------++-------
Melee: Flail             |   142 |   207 |    45 ||   394
       Morningstar       |       |       |   303 ||   303
       Headbutt          |       |       |    20 ||    20
  Use: Scroll            |     2 |     7 |     4 ||    13
       Potion            |     1 |     4 |     8 ||    13
 Stab: Invisible         |       |       |     2 ||     2
  Eat: Chunk             |     1 |     6 |     8 ||    15
Armor: Scale mail        |    21 |       |       ||    21
       Plate armour      |    82 |   167 |   338 ||   587
Dodge: Dodged            |    31 |    48 |    92 ||   171
Block: Shield            |    88 |   129 |   227 ||   444
